 Dungeon Crawl Stone Soup version 0.24.1-8-ga250c9d538 (webtiles) character file.

Game seed: 15277564409055396533, levelgen mode: deterministic

52 Doot the Firebug (level 3, -1/19 HPs)
             Began as a Deep Elf Fire Elementalist on May 2, 2020.
             Slain by a howler monkey (3 damage)
             ... on level 6 of the Dungeon.
             The game lasted 00:02:56 (1195 turns).

Doot the Firebug (Deep Elf Fire Elementalist)       Turns: 1195, Time: 00:02:56

Health: -1/19      AC:  3    Str:  5    XL:     3   Next: 60%
Magic:  2/10       EV: 13    Int: 20    God:
Gold:   107        SH:  0    Dex: 15    Spells: 5/9 levels left

rFire    . . .     SeeInvis .   (no weapon)
rCold    . . .     Gourm    .   (no shield)
rNeg     . . .     Faith    .   a - +0 robe
rPois    .         Spirit   .   (no helmet)
rElec    .         Reflect  .   (no cloak)
rCorr    .         Harm     .   (no gloves)
MR       .....                  h - +0 pair of boots
Stlth    ++........             (no amulet)
HPRegen  0.06/turn              (no ring)
MPRegen  0.12/turn              (no ring)

@: very slightly contaminated
A: no striking features
a: no special abilities


You were on level 6 of the Dungeon.
You were hungry.

You visited 1 branch of the dungeon, and saw 5 of its levels.

You collected 107 gold pieces.

Inventory:

Armour
 a - a +0 robe (worn)
 h - a +0 pair of boots (worn)
Jewellery
 b - a cursed -2 ring of strength {unknown}
 e - a cursed ring of teleportation {unknown}
Scrolls
 d - 2 scrolls of remove curse {unknown}
 g - a scroll of fog {unknown}
Potions
 f - 2 potions of curing {unknown}
Comestibles
 c - 3 rations
 i - a chunk of flesh


   Skills:
 + Level 2.6 Dodging
 + Level 2.7 Stealth
 + Level 3.9 Spellcasting
 + Level 1.4 Conjurations
 + Level 4.3 Fire Magic


You had 5 spell levels left.
You knew the following spells:

 Your Spells              Type           Power        Failure   Level  Hunger
a - Flame Tongue          Conj/Fire      ###..        4%          1    None
b - Conjure Flame         Conj/Fire      ###.....     12%         3    ###....

Your spell library contained the following spells:

 Spells                   Type           Power        Failure   Level  Hunger
 Throw Flame              Conj/Fire      ###...       6%          2    ##.....
 Inner Flame              Hex/Fire       ##......     16%         3    ###....
 Sticky Flame             Conj/Fire      ###.....     36%         4    ####...
 Fireball                 Conj/Fire      ###.......   73%         5    ######.


Dungeon Overview and Level Annotations

Branches:
Dungeon (4/15)
 Temple: D:4-7

Altars:
Cheibriados

Shops:
D:4 ?


Message History

Something tries to affect you, but you resist.
You hear some strange, mumbled words.
You are confused.
There is a shaft here.
You fall into a shaft and drop 3 floors!
The shaft crumbles and collapses.
Reactivating autopickup.
A zombie and a howler monkey come into view.
The howler monkey howls!
Found 22 stones.
Unknown command.
Unknown command.
You're too confused to move!
The giant cockroach zombie completely misses you.
You bump into the closed door.
The howler monkey hits you.
* * * LOW HITPOINT WARNING * * *
The giant cockroach zombie bites you but does no damage.
You feel less confused. The howler monkey hits you.
You die...

##...##
##....(##
##.......##
#.........#
+.........+
#.........#
#.......#
##.Zh..##
##..@##
##+##


You could see a howler monkey and a giant cockroach zombie.

Vanquished Creatures
  An iguana (D:4)
  An ooze (D:1)
  An orc (D:4)
  3 bats
  3 giant cockroaches (D:3)
  5 hobgoblins
  4 frilled lizards
  2 kobolds (D:2)
20 creatures vanquished.

Notes
Turn   | Place    | Note
-------+----------+-------------------------------------------
     0 | D:1      | Doot the Deep Elf Fire Elementalist began the quest for the
                  | Orb.
     0 | D:1      | Reached XP level 1. HP: 10/10 MP: 6/6
    84 | D:1      | Reached XP level 2. HP: 9/15 MP: 1/8
   632 | D:3      | Found a snail-covered altar of Cheibriados.
   759 | D:3      | Reached skill level 4 in Fire Magic
   892 | D:4      | Reached XP level 3. HP: 19/19 MP: 1/10
  1066 | D:4      | Learned a level 3 spell: Conjure Flame
  1084 | D:4      | Found Tayvusch's Magic Scroll Boutique.
  1188 | D:3      | You fall into a shaft and drop 3 floors!
  1195 | D:6      | Slain by a howler monkey

Levels and vault maps discovered:
D:1:      eino_arrival_cavern_d, layout_basic, minmay_distorted
D:2:      minmay_roachtagon, layout_loops_ring, uniq_terence
D:3:      minmay_wonky_spiral, layout_rooms, cheibriados_altar_1,
          fedhas_altar_fruit_tree
D:4:      layout_cave_pools, serial_shops, shop_coins
D:6:      layout_loops_corners, nicolae_tso_swordbearing_angel

Skill      XL: |  1  2 |
---------------+-------+-----
Fire Magic     | 4 |  4.3
Dodging        | |  2.6
Stealth        | |  2.7
Spellcasting   | |  3.9
Conjurations   | |  1.4

Action                   || total
-------------------------++-------
Melee: Unarmed           ||     2
 Cast: Flame Tongue      ||    43
Armor: Robe              ||     5
Dodge: Dodged            ||    22
